 Dungeon Crawl Stone Soup version 0.19.0-19-g8c6edcc (webtiles) character file.

11 MaximumFunGaming the Charmwright (level 2, 0/24 HPs)
             Began as a Centaur Skald on Nov 13, 2016.
             Slain by a shadow imp (2 damage)
             ... summoned by Natasha
             ... on level 2 of the Dungeon.
             The game lasted 00:02:31 (475 turns).

MaximumFunGaming the Charmwright (Centaur Skald)     Turns: 475, Time: 00:02:33

Health: 0/24       AC:  4    Str: 14    XL:     2   Next: 17%
Magic:  0/4        EV:  9    Int: 11    God:
Gold:   37         SH:  0    Dex:  8    Spells: 2 memorised, 1 level left

rFire  . . .     SeeInvis .     a - +0 mace
rCold  . . .     Gourm    .     b - +0 leather armour
rNeg   . . .     Faith    .     (no shield)
rPois  .         Spirit   .     (no helmet)
rElec  .         Reflect  .     (no cloak)
rCorr  .         Harm     .     (no gloves)
MR     .....                    (no barding)
Stlth  ..........               (no amulet)
                                (no ring)
                                (no ring)

@: shrouded, infused, very quick
A: hooves 3, deformed body, speed 2, tough skin 3
a: no special abilities


You were on level 2 of the Dungeon.
You were not hungry.

You visited 1 branch of the dungeon, and saw 2 of its levels.

You collected 37 gold pieces.

Inventory:

Hand Weapons
 a - a +0 mace (weapon)
Armour
 b - a +0 leather armour (worn)
Scrolls
 f - a scroll of amnesia {unknown}
 h - a scroll of remove curse {unknown}
 i - a scroll of teleportation {unknown}
 j - a scroll of fog {unknown}
 l - a scroll of identify {unknown}
Potions
 e - a potion of berserk rage {unknown}
 g - a potion of agility {unknown}
Books
 c - a book of Battle

   Spells                             Type                      Level
   a - Infusion                       Charms                       1
   b - Shroud of Golubria             Charms/Translocation         2
   c - Song of Slaying                Charms                       2
   d - Spectral Weapon                Hexes/Charms                 3
   e - Regeneration                   Charms/Necromancy            3
Comestibles
 d - a bread ration
 k - a chunk of flesh


   Skills:
 + Level 2.2 Fighting
 + Level 2.0 Maces & Flails
 + Level 0.7 Armour
 + Level 0.6 Dodging
 + Level 1.6 Spellcasting
 + Level 2.9 Charms


You had one spell level left.
You knew the following spells:

 Your Spells              Type           Power        Failure   Level  Hunger
a - Infusion              Chrm           #...         14%         1    ##.....
b - Shroud of Golubria    Chrm/Tloc      #.........   38%         2    ###....


Dungeon Overview and Level Annotations

Branches:
Dungeon (2/15)

Altars:

Annotations:
D:2 Natasha


Innate Abilities, Weirdness & Mutations

You have hooves in place of feet.
Armour fits poorly on your strangely shaped body.
You cover ground very quickly.
You have extremely tough skin. (AC +3)


Message History

Your shroud bends the shadow imp's attack away.
You closely miss Natasha.
Natasha casts a spell.
The shadow imp barely misses you.
You closely miss Natasha. Natasha claws you!
* * * LOW HITPOINT WARNING * * *
The shadow imp hits you but does no damage.
You hit Natasha!
Natasha is severely wounded.
Natasha mumbles some strange words.
Natasha's front paws start to glow.
Natasha closely misses you. The shadow imp barely misses you.
Your shroud bends Natasha's attack away.
You barely miss Natasha. You kick Natasha.
Natasha is severely wounded.
The shadow imp hits you.
* * * LOW HITPOINT WARNING * * *
The shadow imp barely misses you. Natasha barely misses you.
The shadow imp hits you.
You die...

######+#.###....
#####..........#....
#...#..........#....
#####...#..........#....
................>..#....
..............^....#.###
#$....#......###.#.###
##...5h#......# #......
#.(..5@.#####.# #..####
#.......# #.# #......
#.......# #.# #...###
######### #.# #...# ..#
#.... ### ###..# ....
##..# ##..


You could see Natasha and 2 shadow imps.

Vanquished Creatures
  2 dart slugs (D:1)
  2 goblins
  A hobgoblin (D:1)
  2 bats (D:1)
  A rat (D:1)
8 creatures vanquished.

Notes
Turn   | Place    | Note
-------+----------+-------------------------------------------
     0 | D:1      | MaximumFunGaming the Centaur Skald began the quest for the Orb.
     0 | D:1      | Reached XP level 1. HP: 17/17 MP: 3/3
   343 | D:1      | Reached XP level 2. HP: 14/24 MP: 4/4
   354 | D:1      | Learned a level 2 spell: Shroud of Golubria
   467 | D:2      | Noticed Natasha
   475 | D:2      | Slain by a shadow imp

Skill      XL: |  1  2 |
---------------+-------+-----
Maces & Flails | 2 |  2.0
Fighting       | |  2.2
Armour         | |  0.7
Dodging        | |  0.6
Spellcasting   | |  1.6
Charms         | |  2.9

Action                   || total
-------------------------++-------
Melee: Mace              ||    28
       Kick              ||     4
 Cast: Shroud of Golubri ||     1
       Infusion          ||     1
Armor: Leather armour    ||     3
Dodge: Dodged            ||    14
